 Dungeon Crawl Stone Soup version 0.26-a0-612-gd4d190f45e (webtiles) character file.

Game seed: 2299237389326699925

4300 KristoblXynda the Cleaver (level 10, -10/80 HPs)
             Began as a Naga Gladiator on Sept 8, 2020.
             Was a Believer of Ashenzari.
             Mangled by a fire crab (shapeshifter) (14 damage)
             ... on level 9 of the Dungeon.
             The game lasted 00:14:25 (12544 turns).

KristoblXynda the Cleaver (Naga Gladiator)         Turns: 12544, Time: 00:14:26

Health: -10/80     AC: 10    Str: 18    XL:     10   Next: 32%
Magic:  10/10      EV: 11    Int: 17    God:    Ashenzari [**....]
Gold:   200        SH:  0    Dex: 12    Spells: 9/9 levels left

rFire    . . .     SeeInvis +   E - +1 broad axe (venom)
rCold    . . .     Faith    .   (no shield)
rNeg     . . .     Spirit   .   q - +0 ring mail
rPois    +         Reflect  .   c - +0 helmet
rElec    .         Harm     .   t - +0 cloak
rCorr    +                      o - +0 pair of gloves
MR       +....                  (no barding)
Stlth    +.........             (no amulet)
HPRegen  0.23/turn              w - +6 ring of intelligence (curse)
MPRegen  0.12/turn              B - ring of resist corrosion (curse)

@: confused, lightly drained, very slow
A: large, see invisible, deformed body, poison resistance, slowness 2, spit
poison 1, AC +3
a: Spit Poison, Curse Item, Scrying, Renounce Religion


You were on level 9 of the Dungeon.
You worshipped Ashenzari.
Ashenzari was pleased with you.
You visited 2 branches of the dungeon, and saw 10 of its levels.

You collected 546 gold pieces.
You spent 346 gold pieces at shops.

Inventory:

Hand Weapons
 h - a +2 morningstar of draining
 E - a +1 broad axe of venom (weapon)
Missiles
 d - 2 throwing nets (quivered)
Armour
 c - a +0 helmet (worn)
 o - a +0 pair of gloves (worn)
 q - a +0 ring mail (worn)
 t - a +0 cloak (worn)
Jewellery
 w - a cursed +6 ring of intelligence (left hand)
 x - an uncursed amulet of faith
 B - a cursed ring of resist corrosion (right hand)
Wands
 a - a wand of polymorph (7)
 l - a wand of acid (23)
 D - a wand of paralysis (4)
Scrolls
 b - 3 scrolls of teleportation
 e - 2 scrolls of amnesia
 j - a scroll of enchant armour {unknown}
 k - a scroll of blinking
 m - 4 scrolls of remove curse
 s - a scroll of fear {unknown}
 y - 3 scrolls of enchant weapon
 F - a scroll of acquirement {unknown}
Potions
 f - 2 potions of degeneration {unknown}
 g - 3 potions of haste
 i - 2 potions of lignification
 n - 2 potions of cancellation
 p - a potion of resistance
 r - a potion of flight
 u - 2 potions of stabbing {unknown}
 v - a potion of magic {unknown}
 z - 5 potions of curing
 C - 2 potions of mutation


   Skills:
 - Level 2.0(1.9) Fighting
 + Level 9.7(9.6) Axes
 - Level 2.5(2.4) Throwing
 + Level 5.1(5.0) Armour
 + Level 6.0(5.9) Dodging
 + Level 9.6(9.5) Stealth
 + Level 2.0(3.0) Evocations


You had 9 spell levels left.
You didn't know any spells.
Your spell library contained the following spells:

 Spells                   Type           Power        Failure   Level
 Animate Skeleton         Necr           #.....       36%         1
 Apportation              Tloc           #.....       36%         1
 Beastly Appendage        Tmut           #.....       36%         1
 Corona                   Hex            #......      36%         1
 Summon Small Mammal      Summ           #...         36%         1
 Wereblood                Tmut           #.......     50%         2
 Spider Form              Tmut/Pois      #.........   75%         3
 Ice Form                 Ice/Tmut       #.......     98%         4
 Blade Hands              Tmut           #.........   100%        5
 Bolt of Magma            Conj/Fire/Erth #.........   100%        5
 Iskenderun's Battlesphe  Conj           #.......     100%        5
 Iron Shot                Conj/Erth      #.........   100%        6
 Orb of Destruction       Conj           #.........   100%        7
 Spellforged Servitor     Conj/Summ      #.........   100%        7


Dungeon Overview and Level Annotations

Branches:
Dungeon (9/15)             Temple (1/1) D:5
   Lair: D:8-11         Orc: D:9-12

Altars:
Ashenzari
Cheibriados
Dithmenos
Elyvilon
Fedhas
Gozag
Hepliaklqana
Kikubaaqudgha
Makhleb
Nemelex Xobeh
Okawaru
Qazlal
Ru
Sif Muna
Trog
Uskayaw
Vehumet
Wu Jian
Xom
Yredelemnul
Zin
The Shining One

Shops:
D:5 *   D:7 ?   D:9 *(


Innate Abilities, Weirdness & Mutations

You cannot wear boots.
Your serpentine skin is tough. (AC +3)
You have supernaturally acute eyesight. (SInv)
Armour fits poorly on your strangely shaped body.
Your system is resistant to poisons. (rPois)
You cover ground very slowly.
You can spit poison.


Message History

You hit the fire crab.
The fire crab is poisoned.
The fire crab is moderately wounded.
You are engulfed in blazing flames.
* * * LOW HITPOINT WARNING * * *
The fire crab barely misses you. x2
Unknown command.
You are confused.
You feel invigorated. The fire crab breathes flames at you.
The blast of flame engulfs you but does no damage.
You bump into the rock wall.
You are engulfed in blazing flames.
* * * LOW HITPOINT WARNING * * *
The fire crab bites you.
* * * LOW HITPOINT WARNING * * *
You are engulfed in flames!
* * * LOW HITPOINT WARNING * * *
The fire crab claws you.
* * * LOW HITPOINT WARNING * * *
You are engulfed in flames!
You die...

* ##### * * ...#
* , , * * #t#####
, , # #@....## .
#. #####..# ...
#.#######.#.....
,
#................
*
###...###.#......
###.# #.#......,
, #.###........
#.......##### *
#.......## ,


You could see a fire crab (very poisoned).

Vanquished Creatures
  3 hippogriffs
  Sigmund (D:5)
  3 yaks (D:7)
  A water moccasin (D:8)
  Duvessa (D:5)
  An orc warrior (D:9)
  An ice beast (D:6)
  2 phantoms (D:7)
  7 ogres
  A crocodile (D:9)
  4 centaurs
  5 bullfrogs
  A scorpion (D:9)
  Dowan (D:5)
  5 wights
  An electric eel (D:6)
  A crimson imp (D:4)
  A centaur zombie (D:9)
  An orc priest (D:9)
  Crazy Yiuf (D:3)
  A jelly (D:6)
  A centaur skeleton (D:9)
  2 hounds
  13 orc wizards
  An iguana (D:9)
  2 worker ants
  A killer bee zombie (D:6)
  6 adders
  A howler monkey skeleton (D:5)
  3 shadow imps
  5 white imps
  2 adder zombies
  A dart slug (D:1)
  6 leopard geckos
  34 orcs
  10 giant cockroaches
  14 hobgoblins
  15 jackals
  A quokka (D:6)
  7 bats
  10 frilled lizards
  6 goblins
  7 kobolds
  A leopard gecko skeleton (D:8)
  A quokka zombie (D:6)
  8 rats
201 creatures vanquished.

Vanquished Creatures (others)
  3 fungi (D:3)
3 creatures vanquished.

Grand Total: 204 creatures vanquished

Notes
Turn   | Place    | Note
-------+----------+-------------------------------------------
     0 | D:1      | KristoblXynda the Naga Gladiator began the quest for the
                  | Orb.
     0 | D:1      | Reached XP level 1. HP: 19/19 MP: 1/1
   134 | D:1      | Reached XP level 2. HP: 17/26 MP: 2/2
   558 | D:1      | Found a shattered altar of Ashenzari.
   572 | D:1      | Became a worshipper of Ashenzari the Shackled
   811 | D:1      | Reached XP level 3. HP: 30/32 MP: 3/3
  1328 | D:2      | Found a stormy altar of Qazlal.
  1651 | D:2      | Reached XP level 4. HP: 36/39 MP: 4/4
  2023 | D:2      | HP: 1/39 [orc/+0 flail (7)]
  2890 | D:3      | Reached XP level 5. HP: 42/45 MP: 5/5
  2963 | D:3      | Reached skill level 1 in Stealth
  3293 | D:3      | Found a hide-covered altar of Uskayaw.
  3572 | D:3      | Found a runed translucent door.
  3573 | D:3      | Noticed Crazy Yiuf
  3582 | D:3      | Killed Crazy Yiuf
  3582 | D:3      | Reached skill level 1 in Armour
  3924 | D:4      | Reached * piety under Ashenzari
  4140 | D:4      | Reached skill level 5 in Axes
  4140 | D:4      | Reached XP level 6. HP: 52/52 MP: 6/6
  4750 | D:5      | Entered Level 5 of the Dungeon
  4915 | D:5      | Noticed Sigmund
  4929 | D:5      | Killed Sigmund
  4993 | D:5      | Reached XP level 7. HP: 25/60 MP: 7/7
  5202 | D:5      | Found a staircase to the Ecumenical Temple.
  5215 | Temple   | Entered the Ecumenical Temple
  5697 | D:5      | Noticed a hippogriff
  5711 | D:5      | Killed a hippogriff
  6082 | D:5      | Noticed Duvessa
  6084 | D:5      | Noticed Dowan
  6098 | D:5      | Killed Dowan
  6100 | D:5      | Killed Duvessa
  6100 | D:5      | Reached XP level 8. HP: 67/67 MP: 8/8
  6150 | D:5      | Found Mecuotri's General Store.
  6153 | D:5      | Bought a scroll of remove curse for 39 gold pieces
  6352 | D:6      | Found an opulent altar of Gozag.
  6387 | D:6      | Reached skill level 5 in Stealth
  7486 | D:6      | Reached ** piety under Ashenzari
  7975 | D:6      | Reached XP level 9. HP: 36/73 MP: 9/9
  8814 | D:7      | Reached skill level 5 in Dodging
  9086 | D:7      | Found Hohihecu's Magic Scroll Emporium.
  9205 | D:7      | Bought a scroll of enchant weapon for 90 gold pieces
 10947 | D:8      | Reached XP level 10. HP: 62/80 MP: 10/10
 11209 | D:8      | Found a shimmering altar of Xom.
 11437 | D:8      | Reached skill level 1 in Evocations
 11626 | D:9      | Found Femioc's Antique Weapon Emporium.
 11629 | D:9      | Bought a runed broad axe for 217 gold pieces
 11664 | D:9      | Reached skill level 5 in Armour
 12074 | D:9      | Found Isootyce's Assorted Antiques.
 12538 | D:9      | Noticed a fire crab
 12544 | D:9      | HP: 4/80 [fire crab (shapeshifter) (5)]
 12544 | D:9      | Mangled by a fire crab (shapeshifter)

Illustrated notes

Levels and vault maps discovered:
D:1:      minmay_arrival_four_circles, layout_basic, ashenzari_altar_1
D:2:      layout_loops_corners, grunt_qazlal_clouds
D:3:      layout_loops_ring, lemuel_round_altar, uniq_crazy_yiuf_cottage
D:4:      layout_gridville, hangedman_decor_lopped, minmay_fire_ice_demons
D:5:      layout_basic, minmay_temple_entry_purple_smoke, serial_shops,
          nicolae_shop_window_shopping, nrook_uturn, roderic_serpentine_path,
          uniq_sigmund, uniq_duvessa
D:6:      wad_river_or_something, layout_layer_cave, nicolae_gozag_seed_capital
D:7:      layout_loops_ring, serial_shops, shop, kennysheep_decorative_pillar
D:8:      layout_gridville, lemuel_statue_altar
D:9:      layout_rooms, serial_shops, shop, nicolae_shop_behind_doors, shop,
          shop, kennysheep_little_box
Temple:   nicolae_temple_the_god_donut

Skill      XL: |  1  2  3  4  5  6  7  8  9 10 |
---------------+-------------------------------+-----
Throwing       | 2 |  2.5
Axes           | 4 5 6 7 9 |  9.7
Dodging        | 3 4 5 6 |  6.0
Stealth        | 2 3 4 6 8 9 |  9.6
Armour         | 1 2 3 4 5 |  5.1
Evocations     | 2 |  2.0
Fighting       | |  2.0

Action                   |  1- 3 |  4- 6 |  7- 9 | 10-12 || total
-------------------------+-------+-------+-------+-------++-------
Melee: War axe           |    89 |   176 |   344 |    14 ||   623
       Broad axe         |       |       |       |    64 ||    64
Throw: Throwing net      |       |     1 |       |       ||     1
Invok: Curse Item        |       |       |     1 |     1 ||     2
 Abil: Spit Poison       |     4 |    10 |    10 |     1 ||    25
Evoke: Wand              |       |       |     4 |       ||     4
  Use: Scroll            |       |     6 |     6 |     5 ||    17
       Potion            |       |       |     5 |     1 ||     6
 Stab: Sleeping          |       |       |    11 |     3 ||    14
Armor: Leather armour    |    31 |    17 |       |       ||    48
       Ring mail         |       |    85 |   105 |    51 ||   241
       Skin              |       |       |    37 |       ||    37
Dodge: Dodged            |    55 |   130 |   213 |    70 ||   468

Table legend: (Time is in decaauts)
 A = Elapsed time spent in this place.
 B = Non-inter-level travel time spent in this place.
 C = Inter-level travel time spent in this place.
 D = Time resting spent in this place.
 E = Time spent auto-exploring this place.
 F = Levels seen in this place.
 G = Mean time per level.
                   A        B        C        D        E       F      G
               +--------+--------+--------+--------+--------+-----+--------+
         Total |  15179 |  14695 |    484 |   3305 |   9002 |  10 | 1517.9 |
       Dungeon |  14763 |  14302 |    461 |   3305 |   8610 |   9 | 1640.3 |
        Temple |    416 |    394 |     22 |      0 |    392 |   1 |  416.0 |
               +--------+--------+--------+--------+--------+-----+--------+

Top non-repeatable levels by time:
     D:6: 2905 daAuts
     D:2: 1890 daAuts
     D:8: 1690 daAuts
     D:7: 1683 daAuts
     D:5: 1550 daAuts
     D:3: 1434 daAuts
     D:1: 1352 daAuts
     D:4: 1202 daAuts
     D:9: 1053 daAuts
  Temple: 416 daAuts
